 Dungeon Crawl Stone Soup version 0.29.1-1-gd02db6906a (webtiles) character file.

Game seed: 11909964128017786925

7 fireball365 the Sneak (level 1, -1/20 HPs)
             Began as a Minotaur Delver on Oct 20, 2022.
             Slain by an orc
             ... wielding a +0 falchion
              (5 damage)
             ... on level 4 of the Dungeon.
             The game lasted 00:00:53 (217 turns).

fireball365 the Sneak (Minotaur Delver)              Turns: 217, Time: 00:00:54

Health: -1/20      AC:  9    Str: 16    XL:     1   Next: 91%
Magic:  0/0        EV:  7    Int:  7    God:
Gold:   28         SH:  0    Dex: 11    Spells: 0/0 levels left

rFire   . . .      SeeInvis .   a - +0 hand axe
rCold   . . .      Faith    .   (no shield)
rNeg    . . .      Spirit   .   l - +0 chain mail
rPois   .          Reflect  .   (helmet restricted)
rElec   .          Harm     .   (no cloak)
rCorr   .          Rampage  .   (no gloves)
Will    .....                   j - +0 pair of boots
Stlth   ..........              (no amulet)
HPRegen 0.06/turn               (no ring)
MPRegen 0.07/turn               (no ring)

@: hasted, very quick
A: horns 2, retaliatory headbutt
a: no special abilities


You were on level 4 of the Dungeon.
You visited 1 branch of the dungeon, and saw 2 of its levels.

You collected 28 gold pieces.

Inventory:

Hand Weapons
 a - a +0 hand axe (weapon)
Armour
 b - a +0 leather armour
 j - a +0 pair of boots (worn)
 l - a +0 chain mail (worn)
Magical Staves
 h - a staff of death
Wands
 g - a wand of digging (3)
Scrolls
 c - a scroll of fog
 d - a scroll of magic mapping
 e - a scroll of fear
 k - a scroll of identify {unknown}
Potions
 i - a potion of magic {unknown}


   Skills:
 + Level 3.9 Fighting
 + Level 2.4 Axes
 + Level 2.2 Dodging
 + Level 4.3 Stealth


You couldn't memorise any spells.
You didn't know any spells.
Your spell library was empty.

Dungeon Overview and Level Annotations

Branches:
Dungeon (5/15)
 Temple: D:4-7

Altars:
Kikubaaqudgha
Wu Jian


Innate Abilities, Weirdness & Mutations

You have a pair of horns on your head.
You reflexively headbutt those who attack you in melee.


Message History

You can't go down here!
You climb upwards.
There is a stone staircase leading down here.
Found 3 gold pieces.
Found an ornate altar of the Wu Jian Council.
Found a scroll labelled LEJ ISYUMNUXUIZXUM and 13 gold pieces.
You open the door.
There is an open door here.
A worm comes into view.
An orc comes into view. It is wielding a +0 club.
The orc shouts!
You hear a shout!
A kobold and 3 orcs come into view.
The kobold shouts!
The orc shouts! x2
The worm bites you.
The orc moves out of view.
You barely miss the worm. The worm barely misses you.
An orc comes into view. It is wielding a +0 whip.
The orc shouts!
You hit the worm but do no damage. You hit the worm. You headbutt the worm.
The worm is lightly wounded.
The worm bites you.
You barely miss the worm.
The worm is lightly wounded.
The worm bites you.
You hit the worm. You headbutt the worm!
The worm is almost dead.
You feel yourself speed up. The worm bites you!
* * * LOW HITPOINT WARNING * * *
You slash the worm!
You kill the worm!
You barely miss the orc. You headbutt the orc.
The orc is heavily wounded.
The orc hits you but does no damage.
You hit the orc.
You kill the orc!
You hit the orc but do no damage. You hit the orc.
The orc is almost dead.
The orc hits you with a +0 falchion.
You die...

#.###+###.#
#.#.....#.#
#.#.....#.#
##.#$._$.#.####
########..#.....#.....
#.........#...?.#.....
#.........#######.....
#.............@ooK....
#.........'.####oo....
#.........#.# ..... #
#.........#.# ....
..+...........# ...
#.#.......##### ..
#.........# .
###>..#...# #.#.+...+


You could see 4 orcs and a kobold.

Vanquished Creatures
  A worm (D:4)
  2 orcs
3 creatures vanquished.

Notes
Turn   | Place    | Note
-------+----------+-------------------------------------------
     0 | D:5      | fireball365 the Minotaur Delver began the quest for the
                  | Orb.
     0 | D:5      | Reached XP level 1. HP: 19/19 MP: 0/0
    27 | D:5      | Found an ancient bone altar of Kikubaaqudgha.
   197 | D:4      | Found an ornate altar of the Wu Jian Council.
   217 | D:4      | Slain by an orc

Illustrated notes

Levels and vault maps discovered:
D:4:      layout_basic, amcnicky_altar_gilded, uniq_edmund
D:5:      layout_loops_corners, mainiacjoe_overflow_catwalk

Action                   || total
-------------------------++-------
Melee: Hand axe          ||    14
       Headbutt          ||     3
  Use: Potion            ||     1
Armor: Leather armour    ||     1
       Chain mail        ||     1
Dodge: Dodged            ||     1
